 Dungeon Crawl Stone Soup version 0.30-a0-913-g9934a0ce24 (webtiles) character file.

Game seed: 1415207142984092698

115 cforsyth the Chopper (level 5, -3/52 HPs)
             Began as a Human Wanderer on Mar 19, 2023.
             Killed by divine providence
             ... invoked by an orc priest
              (9 damage)
             ... on level 3 of the Dungeon.
             The game lasted 00:03:44 (1917 turns).

cforsyth the Chopper (Human Wanderer)               Turns: 1917, Time: 00:03:45

Health: -3/52      AC: 22    Str: 15    XL:     5   Next: 20%
Magic:  6/6        EV:  2    Int: 14    God:
Gold:   79         SH:  0    Dex: 10    Spells: 5/6 levels left

rFire   . . .      SeeInvis .    a - +2 hand axe
rCold   . . .      Faith    .    (no shield)
rNeg    . . .      Spirit   .    b - melded +0 scale mail
rPois   +          Reflect  .    (helmet currently unavailable)
rElec   .          Rampage  .    (cloak currently unavailable)
rCorr   .          NoTele   +    (gloves currently unavailable)
Will    .....                    (boots currently unavailable)
Stlth   +                        (no amulet)
HPRegen 0.28/turn                (no ring)
MPRegen 0.10/turn                (no ring)

@: tree-form (expiring)
A: stationary, stasis, torment immunity, boosted hp
a: no special abilities


You were on level 3 of the Dungeon.
You were a tree.
You visited 1 branch of the dungeon, and saw 3 of its levels.

You collected 79 gold pieces.

Inventory:

Hand Weapons
 a - a +2 hand axe (weapon)
Armour
 b - a +0 scale mail (melded)
Jewellery
 k - an amulet of faith
Scrolls
 c - a scroll of blinking
 g - a scroll of identify {unknown}
 i - a scroll of immolation {unknown}
 j - a scroll of enchant weapon {unknown}
 l - a scroll of torment {unknown}
 n - a scroll of brand weapon {unknown}
 o - a scroll of poison {unknown}
 p - a scroll of vulnerability {unknown}
Potions
 d - a potion of flight
 e - a potion of ambrosia


   Skills:
 + Level 5.6 Axes
 - Level 1.0 Throwing
 + Level 3.2 Armour
 + Level 2.3 Dodging
 - Level 1.0 Spellcasting
 - Level 1.0 Hexes


You had 5 spell levels left.
You knew the following spells:

 Your Spells              Type           Power      Damage    Failure   Level
a - Slow                  Hex            12%        N/A       17%         1

Your spell library contained the following spells:

 Spells                   Type           Power      Damage    Failure   Level
 Inner Flame              Hex/Fire       2%         N/A       54%         3


Dungeon Overview and Level Annotations

Branches:
Dungeon (3/15)

Altars:

Shops:
D:1 (


Message History

The orc priest is severely wounded.
You hit something but do no damage.
The orc priest hits you but does no damage.
Something hits you but does no damage.
You barely miss the orc priest.
The orc priest is severely wounded.
You closely miss something. Something hits you but does no damage.
The orc priest begins to cast a cantrip, but forgets the words!
You closely miss the orc priest.
The orc priest is severely wounded.
You hit something.
The orc priest hits you but does no damage.
Something hits you but does no damage.
You hit the orc priest but do no damage.
The orc priest is severely wounded.
You miss something.
The orc priest hits you but does no damage.
Something hits you.
* * * LOW HITPOINT WARNING * * *
You barely miss the orc priest.
The orc priest is severely wounded.
You closely miss something.
The orc priest hits you but does no damage.
Something hits you but does no damage.
You closely miss the orc priest.
The orc priest is severely wounded.
You barely miss something.
You hear some strange, mumbled words.
A puff of flame appears from out of thin air!
The puff of flame hits you but does no damage.
The orc priest looks satisfied for a moment.
You hit the orc priest.
The orc priest is almost dead.
You closely miss something.
You hear some strange, mumbled words.
A puff of flame appears from out of thin air!
The puff of flame hits you but does no damage.
The orc priest mumbles some strange prayers to Beogh against you.
Beogh smites you!
You die...

.......(......
.............
............
...........
..........#
..........#
.......[..###
###
#{o†..#....
###.♣........
#...).÷##...
#.###...# #..
#...... #.
##.#..#.# #.
.#.... . .#
#### .. ..


You could see an orc priest.

Vanquished Creatures
  Robin (D:2)
  4 adders (D:2)
  A worm (D:2)
  3 dart slugs
  5 orcs
  8 ball pythons
  4 bats
  2 endoplasms (D:2)
  A giant cockroach (D:1)
  9 goblins
  6 hobgoblins
  3 quokkas (D:2)
  A frilled lizard (D:1)
  2 kobolds
  5 rats
55 creatures vanquished.

Notes
Turn   | Place    | Note
-------+----------+-------------------------------------------
     0 | D:1      | cforsyth the Human Wanderer began the quest for the Orb.
     0 | D:1      | cforsyth set off with the following items: a +2 hand axe, a
                  | +0 scale mail, a scroll of blinking; and the following
                  | spell memorised: Slow; and the following spells available
                  | to memorise: Inner Flame.
     0 | D:1      | Reached XP level 1. HP: 13/13 MP: 2/2
   218 | D:1      | Reached XP level 2. HP: 14/19 MP: 3/3
   345 | D:1      | Reached skill level 1 in Dodging
   349 | D:1      | Found Voimoxoudgh's Antique Weapon Shop.
   568 | D:1      | Reached XP level 3. HP: 19/24 MP: 4/4
   764 | D:2      | Noticed Robin
   804 | D:2      | Killed Robin
   810 | D:2      | Reached XP level 4. HP: 25/30 MP: 5/5
  1555 | D:2      | Reached XP level 5. HP: 31/35 MP: 6/6
  1917 | D:3      | Killed from afar by an orc priest

Illustrated notes

Levels and vault maps discovered:
D:1:      dpeg_arrival_lava_temple_mockup, layout_basic, serial_shops, shop,
          corexii_leaking_fountain
D:2:      layout_basic, uniq_robin
D:3:      layout_rooms, hangedman_feature_mirror

Skill      XL: |  1  2  3  4 |
---------------+-------------+-----
Dodging        | 1 2 |  2.3
Armour         | 3 |  3.2
Axes           | |  5.6
Throwing       | |  1.0
Spellcasting   | |  1.0
Hexes          | |  1.0

Action                     |  1- 3 |  4- 6 || total
---------------------------+-------+-------++-------
  Melee: Hand axe          |    81 |   114 ||   195
         Punch             |     1 |       ||     1
    Use: Potion            |       |     6 ||     6
 Armour: Scale mail        |    43 |    49 ||    92
         Skin              |       |    16 ||    16
  Dodge: Dodged            |    42 |    50 ||    92

Table legend: (Time is in decaauts)
 A = Elapsed time spent in this place.
 B = Non-inter-level travel time spent in this place.
 C = Inter-level travel time spent in this place.
 D = Time resting spent in this place.
 E = Time spent auto-exploring this place.
 F = Levels seen in this place.
 G = Mean time per level.
                   A        B        C        D        E       F      G
               +--------+--------+--------+--------+--------+-----+--------+
         Total |   1925 |   1886 |     39 |    202 |   1323 |   3 |  641.7 |
       Dungeon |   1925 |   1886 |     39 |    202 |   1323 |   3 |  641.7 |
               +--------+--------+--------+--------+--------+-----+--------+

Top non-repeatable levels by time:
     D:2: 1099 daAuts
     D:1: 770 daAuts
     D:3: 55 daAuts
